 Dungeon Crawl Stone Soup version 0.30.1-4-g462c640d31 (webtiles) character file.

Game seed: 7221552617950501626

63 wingedge the Scratcher (level 3, 0/11 (16) HPs)
             Began as a Felid Reaver on Aug 28, 2023.
             Slain by a cerulean imp
             ... wielding a +1 spear
             ... summoned by Natasha
              (2 damage)
             ... on level 2 of the Dungeon.
             The game lasted 00:05:45 (1218 turns).

wingedge the Scratcher (Felid Reaver)               Turns: 1218, Time: 00:05:46

HP:   0/11 (16)     AC:  1    Str:  8    XL:     3   Next: 87%
MP:   6/7           EV: 18    Int: 14    God:
Gold: 39            SH:  0    Dex: 16    Spells: 5/6 levels left
                                        Lives: 0   Deaths: 0

rFire   . .          .
                       - Unarmed
rCold   . . .        (shield unavailable)
rNeg    . . .        (body armour unavailable)
rPois   .            (helmet unavailable)
rElec   .            (cloak unavailable)
rCorr   .            (gloves unavailable)
SInv    +            (boots unavailable)
Will    .....        (no amulet)
Stlth   ++           (no ring)
HPRegen 0.21/turn    (no ring)
MPRegen 0.10/turn

%: no passive effects
@: very heavily drained, quick
A: very small, claws 1, fangs 3, see invisible, speed 1, shaggy fur 1, stealthy
paws, no weapons or thrown items, no armour, multi-lived
a: no special abilities


You were on level 2 of the Dungeon.
You visited 1 branch of the dungeon, and saw 2 of its levels.

You collected 39 gold pieces.

Inventory:

Scrolls
 c - a scroll of teleportation {unknown}
 e - 2 scrolls of identify {unknown}
Potions
 a - a potion of ambrosia {unknown}
 b - 2 potions of curing {unknown}
 d - a potion of heal wounds {unknown}


   Skills:
 + Level 2.1 Fighting
 + Level 3.4 Dodging
 + Level 2.1 Stealth
 + Level 3.4 Unarmed Combat
 - Level 2.0 Spellcasting
 - Level 3.0 Conjurations
 - Level 1.0 Necromancy
 + Level 1.4 Translocations


You had 5 spell levels left.
You knew the following spells:

 Your Spells              Type           Power      Damage    Failure   Level
a - Kiss of Death         Conj/Necr      28%        2d7       11%         1

Your spell library contained the following spells:

 Spells                   Type           Power      Damage    Failure   Level
 Momentum Strike          Conj/Tloc      14%        3d8       14%         2
 Freeze                   Ice            4%         1d3       24%         1
 Hailstorm                Conj/Ice       5%         3d4       36%         3
 Frozen Ramparts          Ice            2%         1d1       56%         3


Dungeon Overview and Level Annotations

Branches:
Dungeon (2/15)

Altars:

Annotations:
D:2 Natasha, Robin


Innate Abilities, Weirdness & Mutations

You have sharp claws.
You have razor-sharp teeth.
You have supernaturally acute eyesight. (SInv)
You cover ground quickly. (Speed+)
You are covered in fur. (AC +1)
Your paws help you pounce on unaware monsters.
You are incapable of wielding weapons or throwing items.
You cannot wear armour.
You gain extra lives every three experience levels.


Message History

Things that are here:
a +0 ring mail; a hobgoblin corpse
b - 2 fuming cyan potions (gained 1)
e - 2 scrolls labelled JEBASK OHAEL (gained 1)
An adder comes into view.
The adder hisses angrily.
Found a fuming cyan potion and 12 gold pieces.
The adder bites you.
You scratch the adder. You bite the adder.
The adder is heavily wounded.
The adder bites you but does no damage.
Natasha, Servant of Life and Death comes into view.
She is carrying a wand of digging (6).
Natasha hisses angrily.
You claw the adder!
You kill the adder!
Natasha wildly gestures.
You feel disoriented.
You scratch Natasha.
Natasha is lightly wounded.
Natasha casts a spell.
You miss Natasha.
Natasha is lightly wounded.
Natasha claws you!
Ouch! That really hurt!
You scratch Natasha.
Natasha is lightly wounded.
Natasha casts a spell.
The cerulean imp hits you from afar with a +1 spear.
* * * LOW HITPOINT WARNING * * *
Casting: Kiss of Death (safe; 11% risk of failure)
Confirm with . or Enter, or press ? or * to list all spells.
Aiming: Kiss of Death (safe; 11% risk of failure)
Press: ? - help, Shift-Dir - straight line, f - Natasha
Aim: Natasha, carrying a wand of digging (6) (lightly wounded, 100% to hit)
The negative energy hits Natasha!
Natasha is drained!
Natasha is almost dead.
You feel drained. Natasha claws you.
* * * LOW HITPOINT WARNING * * *
The cerulean imp hits you from afar with a +1 spear.
You die...

..# #.#.# .
#.###.#.#########.#
+.)...#.##....#...!
#.#.#...##....#.#.#
'.....†.##<...#.#.#
#.#.#.#.........#.#
..#.#.#..^......#.#
#.#.#.#..[......#.#
....#...........@.#
#.....##........#h#
####..#####'#####.5.
#.## #... 5#..# ...
#...# .#..# #. .
..... .. ..# ....##
.. ## .$


You could see Natasha (very drained) and 2 cerulean imps.

Vanquished Creatures
  An adder (D:2)
  A worm (D:2)
  An endoplasm (D:1)
  2 giant cockroaches
  7 goblins
  6 hobgoblins
  7 jackals (D:1)
  5 kobolds
  2 quokkas
  5 ball pythons
  3 bats (D:1)
  A frilled lizard (D:1)
  3 rats (D:1)
44 creatures vanquished.

Notes
Turn   | Place    | Note
-------+----------+-------------------------------------------
     0 | D:1      | wingedge the Felid Reaver began the quest for the Orb.
     0 | D:1      | Reached XP level 1. HP: 9/9 MP: 4/4
   152 | D:1      | Reached XP level 2. HP: 4/9 MP: 0/6
   156 | D:1      | Reached skill level 1 in Stealth
   405 | D:1      | Reached skill level 1 in Necromancy
   516 | D:1      | Reached XP level 3. HP: 11/11 MP: 7/7
   645 | D:1      | Reached skill level 1 in Translocations
   977 | D:2      | Noticed Robin
  1213 | D:2      | Noticed Natasha
  1218 | D:2      | Slain by a cerulean imp

Illustrated notes

Levels and vault maps discovered:
D:1:      scummos_arrival_simple_crosswalls, layout_basic
D:2:      layout_basic, kennysheep_decorative_pillar, uniq_robin, uniq_natasha

Skill      XL: |  1  2  3 |
---------------+----------+-----
Stealth        | 1 2 |  2.1
Dodging        | 3 |  3.4
Necromancy     | 1 |  1.0
Conjurations   | 3 |  3.0
Translocations | 1 |  1.4
Fighting       | |  2.1
Unarmed Combat | |  3.4
Spellcasting   | |  2.0

Action                     || total
---------------------------++-------
  Melee: Unarmed           ||   101
         Bite              ||    10
         Punch             ||     3
   Cast: Kiss of Death     ||     7
    Use: Scroll            ||     1
   Stab: Distracted        ||     1
         Sleeping          ||     4
 Armour: Skin              ||     5
  Dodge: Dodged            ||    77
